 Dungeon Crawl Stone Soup version 0.22-a0-373-gab1296c (webtiles) character file.

52 Amnesiac the Skirmisher (level 3, -1/29 HPs)
             Began as a Mummy Fighter on Apr 25, 2018.
             Slain by a centaur (2 damage)
             ... on level 2 of the Dungeon.
             The game lasted 00:00:57 (1393 turns).

Amnesiac the Skirmisher (Mummy Fighter)             Turns: 1393, Time: 00:00:58

Health: -1/29      AC:  7    Str: 20    XL:     3   Next: 60%
Magic:  3/3        EV:  8    Int:  7    God:
Gold:   39         SH:  8    Dex: 11    Spells: 2/2 levels left

rFire    x . .     SeeInvis .   a - +0 long sword
rCold    + . .     Gourm    .   c - +0 shield
rNeg     + + +     Faith    .   b - +0 scale mail
rPois    ∞         Spirit   .   (no helmet)
rElec    .         Reflect  .   (no cloak)
rCorr    .         Harm     .   (no gloves)
MR       .....                  i - +0 pair of boots (curse)
Stlth    ..........             (no amulet)
HPRegen  0.09/turn              d - ring of wizardry
MPRegen  0.08/turn              (no ring)

@: no status effects
A: no food or potions, fire vulnerability, cold resistance 1, negative energy
resistance 3, torment resistance, unbreathing
a: no special abilities


You were on level 2 of the Dungeon.
You were not hungry.

You visited 1 branch of the dungeon, and saw 2 of its levels.

You collected 39 gold pieces.

Inventory:

Hand Weapons
 a - a +0 long sword (weapon)
Missiles
 e - 45 stones (quivered)
Armour
 b - a +0 scale mail (worn)
 c - a +0 shield (worn)
 i - a cursed +0 pair of boots (worn)
Jewellery
 d - a ring of wizardry (left hand)
 l - a +5 ring of strength {unknown}
Scrolls
 f - 3 scrolls of identify {!r, unknown}
 g - a scroll of teleportation {!r, unknown}
 h - a scroll of random uselessness {!r, unknown}
 j - a scroll of enchant armour {!r, unknown}
 k - a scroll of amnesia {!r, unknown}


   Skills:
 + Level 3.0 Fighting
 - Level 2.0 Long Blades
 * Level 2.4 Armour
 * Level 2.4 Dodging
 - Level 2.4 Shields


You had 2 spell levels left.
You didn't know any spells.

Dungeon Overview and Level Annotations

Branches:
Dungeon (2/15)

Altars:
Vehumet


Innate Abilities, Weirdness & Mutations

You do not eat or drink.
Your flesh is vulnerable to fire.
You are immune to poison.
Your flesh is cold resistant. (rC+)
You are immune to negative energy. (rN+++)
You are immune to unholy pain and torment.
You can survive without breathing.


Message History

The frilled lizard bites you but does no damage.
A frilled lizard is nearby!
You miss the frilled lizard.
The frilled lizard barely misses you. x2
A frilled lizard is nearby!
You slash the frilled lizard!
You kill the frilled lizard!
Things that are here:
a frilled lizard corpse; a goblin corpse No target in view!
You open the door.
There is an open door here.
l - a glowing iron ring No target in view!
A centaur comes into view.
The centaur wields a shortbow.
The centaur shoots an arrow.
The arrow barely misses you.
You see here an arrow.
A centaur is nearby!
The centaur shoots an arrow.
The arrow hits you!
You see here an arrow.
A centaur is nearby!
The centaur unwields an uncursed shortbow.
The centaur closely misses you.
You riposte.
You slash the centaur!
The centaur is moderately wounded.
A centaur is nearby!
You hit the centaur but do no damage.
The centaur is moderately wounded.
The centaur hits you.
* * * LOW HITPOINT WARNING * * *
The centaur barely misses you.
You riposte.
You hit the centaur but do no damage.
The centaur is moderately wounded.
A centaur is nearby!
You hit the centaur.
The centaur is moderately wounded.
You block the centaur's attack. The centaur barely misses you.
The centaur hits you.
* * * LOW HITPOINT WARNING * * *
A centaur is nearby!
You hit the centaur.
The centaur is moderately wounded.
You block the centaur's attack. x2
A centaur is nearby!
You hit the centaur.
The centaur is heavily wounded.
You block the centaur's attack. x2
You completely miss the centaur.
The centaur is heavily wounded.
You block the centaur's attack. The centaur hits you!
* * * LOW HITPOINT WARNING * * *
Your scale mail prevents you from hitting the centaur.
The centaur is heavily wounded.
You block the centaur's attack. The centaur hits you.
* * * LOW HITPOINT WARNING * * *
Okay, then.
Your shield and scale mail prevent you from hitting the centaur.
The centaur is heavily wounded.
The centaur hits you.
* * * LOW HITPOINT WARNING * * *
You block the centaur's attack.
Your shield prevents you from hitting the centaur.
The centaur is heavily wounded.
You block the centaur's attack. The centaur hits you.
You die...

..............#.##
#.##.............###
................'..
##.#....##......###
#######.#....##......#
#
....[...(............#
#
######.#....##......#
# #(#.#####......# #
#@#.# ######## # #c#.#
# #.#.# # #.#.. #
#.### # #.# # #.#
#.###### #.. ........
#.######


You could see a centaur.

Vanquished Creatures
  An adder (D:2)
  An ooze (D:2)
  A dart slug (D:1)
  2 bats (D:2)
  3 giant cockroaches
  2 hobgoblins (D:1)
  10 jackals
  A quokka (D:2)
  2 frilled lizards (D:2)
  2 goblins
  5 kobolds
  6 rats
36 creatures vanquished.

Notes
Turn   | Place    | Note
-------+----------+-------------------------------------------
     0 | D:1      | Amnesiac the Mummy Fighter began the quest for the Orb.
     0 | D:1      | Reached XP level 1. HP: 18/18 MP: 1/1
   381 | D:1      | Reached XP level 2. HP: 23/24 MP: 2/2
   403 | D:1      | Reached skill level 1 in Dodging
  1074 | D:2      | Reached XP level 3. HP: 23/29 MP: 3/3
  1205 | D:2      | Found a radiant altar of Vehumet.
  1382 | D:2      | Noticed a centaur
  1392 | D:2      | HP: 1/29 [centaur (2)]
  1393 | D:2      | Slain by a centaur

Vault maps used:
D:1:      kilobyte_arrival_exit_the_forest
D:2:      vehumet_crystals, uniq_robin

Skill      XL: |  1  2  3 |
---------------+----------+-----
Long Blades    | 2 |  2.0
Dodging        | 1 2 |  2.4
Fighting       | |  3.0
Armour         | |  2.4
Shields        | |  2.4

Action                   || total
-------------------------++-------
Melee: Long sword        ||   134
Armor: Scale mail        ||    67
Dodge: Dodged            ||    57
Block: Shield            ||    85
       Rpst.: Long sword ||    17

Table legend:
 A = Spawn XP
 B = Non-spawn XP
 C = Spawn XP percentage of total XP
 D = Spawn monster count
 E = Non-spawn monster count
 F = Spawn count percentage of total count
 G = Total turns spent on level
                    A         B        C        D         E        F      G
               +---------+---------+-------+---------+---------+-------+---------
         Total |       0 |      75 |   0.0 |       0 |      36 |   0.0 |  1393
               +---------+---------+-------+---------+---------+-------+---------
           D:1 |       0 |      25 |   0.0 |       0 |      15 |   0.0 |  1003
           D:2 |       0 |      50 |   0.0 |       0 |      21 |   0.0 |   390
               +---------+---------+-------+---------+---------+-------+---------
